Golden Knights vs Kings

Created - January 10, 2024 at 19:07

Goals
1 2 3 OT1 T
Golden Knights 0 1 1 1 3
Kings 0 1 1 0 2
Shots
1 2 3 OT1 T
Golden Knights 15 5 9 1 30
Kings 6 6 16 0 28

GoalsPenalties
1st period
No Goal
Joel Edmundson (LOS) for Slashing (Minor) at 6:48
Nathan MacKinnon (VGK) for Roughing (Minor) at 19:28
2nd period
1. Kings , David Savard 3 (Vladimir Tarasenko 16) at 1:26 (PP)
2. Golden Knights , Zach Werenski 9 (Nathan MacKinnon 15, Mark Stone 20) at 2:17 (PP)
Mattias Ekholm (LOS) for Hooking (Minor) at 1:42
Joel Edmundson (LOS) for High sticking (Minor) at 3:35
Zach Werenski (VGK) for Hooking (Minor) at 9:03
Jakob Chychrun (VGK) for Checking from behind (Minor) at 19:53
3rd period
3. Golden Knights , Nathan MacKinnon 12 (Mark Stone 21, Artemi Panarin 15) at 4:40 (PP)
4. Kings , Conor Sheary 3 (Nic Dowd 8, Timothy Liljegren 1) at 16:09
Joel Edmundson (LOS) for Holding (Minor) at 4:05
Zach Werenski (VGK) for Holding (Minor) at 13:57
Nathan MacKinnon (VGK) for Hooking (Minor) at 19:51
Overtime #1
5. Golden Knights , Nathan MacKinnon 13 (Jakob Chychrun 15, Artemi Panarin 16) at 2:18
No Penalty
Goalie Stats
Ilya Samsonov (VGK), 26 saves from 28 shots - (0.929), W, 16-10-6, 62:19 minutes
Igor Shesterkin (LOS), 27 saves from 30 shots - (0.900), OTL, 14-10-4, 62:19 minutes
3 StarsOfficial
1 - Nathan MacKinnon (VGK)
2 - Conor Sheary (LOS)
3 - Artemi Panarin (VGK)
Referees : Terry Koharski and Peter MacDougall
Linesman : Brent Hooks and Derek Wahl
Game Note
No Game Note
Finance
Level 1 -- Attendance: 6500 (100.00%) -- Ticket Income $617,500
Level 2 -- Attendance: 5000 (100.00%) -- Ticket Income $375,000
Level 3 -- Attendance: 3227 (92.20%) -- Ticket Income $177,485
Level 4 -- Attendance: 2118 (100.00%) -- Ticket Income $84,720
Luxury Box -- Attendance: 991 (99.10%) -- Ticket Income $222,975
Game was played at the Staples Center.
Total Attendance: 17836 (98.44%)
Total Ticket Income: $1,477,680
Other Income: $369,420
Total Income: $1,847,100



Team Name Goals Shots Shots Attemp Shots Blocked PIM HIT PP PK FO%
Golden Knights 33055310202 / 4 (50%)158%
Kings 2285288241 / 5 (20%)242%

Golden Knights
Player Name POS G A P +/- PIM HIT SHT SB MP PP MP PP SHT PK MP PK SHT FO% FOT
Adam BoqvistD0000000122:322:0603:2600% 0
Artemi PanarinLW0220011021:033:0110:0000% 1
Derek GrantC000002009:150:0003:1100% 3
Jack RoslovicC0000005016:592:0720:07050% 2
Jake EvansC0000000115:450:0001:59075% 4
Jakob ChychrunD0111201022:212:0602:4800% 0
Kirby DachC0000010010:220:0000:07057% 14
Marcus FolignoLW0000012014:300:0006:041100% 1
Mark StoneRW022-1026020:423:0100:07060% 5
Mattias JanmarkC000000000:000:0000:0000% 0
Miro HeiskanenD000-1010026:283:0206:0300% 0
Nathan MacKinnonC2130435023:103:0110:00044% 32
Rafael Harvey-PinardLW000001208:260:0000:0000% 1
T.J. OshieRW0000030016:522:0700:000100% 1
Tomas HertlC0000004023:282:0716:36074% 38
Travis HamonicD0000040016:190:0003:5300% 0
Vladislav NamestnikovC000000006:040:0000:0000% 0
Zach WerenskiD101-1414124:333:0223:2400% 0
Kings
Player Name POS G A P +/- PIM HIT SHT SB MP PP MP PP SHT PK MP PK SHT FO% FOT
Brandon SaadLW0001001011:100:0000:000100% 1
Cole SillingerC0000040121:094:1101:22036% 28
Conor ShearyLW1011012012:060:0000:560100% 1
David SavardD1010012021:493:3721:5600% 0
Derek RyanC000000105:520:0000:56050% 10
Evander KaneLW0000032020:503:5200:00033% 3
Ilya MikheyevRW000-1013119:254:1120:0000% 2
Jeff CarterC000-1002020:173:5200:00050% 32
Joel EdmundsonD0000662020:253:3710:3500% 0
Jonas BrodinD0000015028:104:2624:1900% 0
Kirill MarchenkoRW0000011021:183:5200:28025% 4
Matt GrzelcykD000000005:450:0000:4900% 0
Mattias EkholmD0000203026:274:2612:3700% 0
Nic DowdC0111011113:320:0002:22037% 19
Rasmus RistolainenD0001020112:590:0000:0000% 0
Timothy LiljegrenD0110000313:270:0000:0000% 0
Tyler MotteC000001109:080:0004:1200% 0
Vladimir TarasenkoRW0110022119:474:1100:00050% 2



Play-by-Play

1st period


0:01 of 1st period - Nathan MacKinnon wins face-off versus Evander Kane in neutral zone.
0:44 of 1st period - Shot by Evander Kane.
0:44 of 1st period - Stopped by Ilya Samsonov without a rebound.
0:45 of 1st period - Tomas Hertl wins face-off versus Vladimir Tarasenko in Golden Knights zone.
0:50 of 1st period - Adam Boqvist is hit by Cole Sillinger and loses puck.
0:59 of 1st period - David Savard is hit by T.J. Oshie and loses puck.
1:10 of 1st period - Shot by T.J. Oshie.
1:10 of 1st period - Shot Blocked by Cole Sillinger.
1:18 of 1st period - Shot by Jack Roslovic.
1:18 of 1st period - Stopped by Igor Shesterkin without a rebound.
1:19 of 1st period - Kirby Dach wins face-off versus Nic Dowd in Kings zone.
1:20 of 1st period - Shot by Rafael Harvey-Pinard.
1:20 of 1st period - Shot Blocked by Timothy Liljegren.
1:40 of 1st period - Brandon Saad is hit by Travis Hamonic and loses puck.
1:50 of 1st period - Nic Dowd is hit by Travis Hamonic and loses puck.
1:54 of 1st period - Nic Dowd is hit by Travis Hamonic and loses puck.
1:57 of 1st period - Shot by Conor Sheary.
1:57 of 1st period - Shot Misses the Net.
1:59 of 1st period - Shot by Conor Sheary.
1:59 of 1st period - Shot Misses the Net.
2:01 of 1st period - Shot by Nic Dowd.
2:01 of 1st period - Stopped by Ilya Samsonov without a rebound.
2:02 of 1st period - Derek Ryan wins face-off versus Mark Stone in Golden Knights zone.
2:21 of 1st period - Shot by Derek Ryan.
2:21 of 1st period - Stopped by Ilya Samsonov without a rebound.
2:22 of 1st period - Tomas Hertl wins face-off versus Jeff Carter in Golden Knights zone.
2:22 of 1st period - Tomas Hertl is hit by Evander Kane.
2:30 of 1st period - Shot by Jakob Chychrun.
2:30 of 1st period - Stopped by Igor Shesterkin without a rebound.
2:31 of 1st period - Jake Evans wins face-off versus Cole Sillinger in Kings zone.
3:01 of 1st period - Icing by Mattias Ekholm.
3:02 of 1st period - Cole Sillinger wins face-off versus Tomas Hertl in Kings zone.
3:14 of 1st period - Off-side.
3:15 of 1st period - Jeff Carter wins face-off versus Nathan MacKinnon in neutral zone.
3:21 of 1st period - Adam Boqvist is hit by Joel Edmundson and loses puck.
3:27 of 1st period - Icing by Joel Edmundson.
3:28 of 1st period - Tomas Hertl wins face-off versus Jeff Carter in Kings zone.
3:40 of 1st period - Tomas Hertl is hit by Joel Edmundson and loses puck.
3:45 of 1st period - Shot by T.J. Oshie.
3:45 of 1st period - Shot Misses the Net.
3:47 of 1st period - Shot by Zach Werenski.
3:47 of 1st period - Stopped by Igor Shesterkin without a rebound.
3:48 of 1st period - Derek Ryan wins face-off versus Nathan MacKinnon in Kings zone.
3:48 of 1st period - Derek Ryan is hit by Nathan MacKinnon.
4:25 of 1st period - Shot by Nathan MacKinnon.
4:25 of 1st period - Shot Misses the Net.
4:27 of 1st period - Shot by Mark Stone.
4:27 of 1st period - Stopped by Igor Shesterkin with a rebound.
4:29 of 1st period - Shot by Mark Stone.
4:29 of 1st period - Stopped by Igor Shesterkin without a rebound.
4:30 of 1st period - Jeff Carter wins face-off versus Kirby Dach in Kings zone.
4:30 of 1st period - Jeff Carter is hit by Marcus Foligno.
4:48 of 1st period - Shot by Rafael Harvey-Pinard.
4:48 of 1st period - Stopped by Igor Shesterkin without a rebound.
4:49 of 1st period - Tomas Hertl wins face-off versus Nic Dowd in Kings zone.
4:49 of 1st period - Tomas Hertl is hit by Joel Edmundson.
4:51 of 1st period - Shot by Jack Roslovic.
4:51 of 1st period - Shot Misses the Net.
5:14 of 1st period - Jack Roslovic is hit by Joel Edmundson and loses puck.
5:23 of 1st period - Shot by Tomas Hertl.
5:23 of 1st period - Deflect By T.J. Oshie.
5:23 of 1st period - Shot Misses the Net.
6:27 of 1st period - Icing by Brandon Saad.
6:28 of 1st period - Kirby Dach wins face-off versus Nic Dowd in Kings zone.
6:32 of 1st period - Icing by David Savard.
6:33 of 1st period - Nic Dowd wins face-off versus Kirby Dach in Kings zone.
6:38 of 1st period - Kirby Dach is hit by Nic Dowd and loses puck.
6:46 of 1st period - Kirby Dach is hit by Joel Edmundson and loses puck.
6:48 of 1st period - Minor Penalty to Joel Edmundson for Slashing.
6:49 of 1st period - T.J. Oshie wins face-off versus Kirill Marchenko in Kings zone.
8:38 of 1st period - Shot by Tomas Hertl.
8:38 of 1st period - Stopped by Igor Shesterkin without a rebound.
8:39 of 1st period - Tomas Hertl wins face-off versus Derek Ryan in Kings zone.
8:42 of 1st period - Shot by Jack Roslovic.
8:42 of 1st period - Stopped by Igor Shesterkin without a rebound.
8:43 of 1st period - Derek Ryan wins face-off versus Jack Roslovic in Kings zone.
8:49 of 1st period - Icing by Jakob Chychrun.
8:50 of 1st period - Kirby Dach wins face-off versus Jeff Carter in Golden Knights zone.
9:03 of 1st period - Shot by Rafael Harvey-Pinard.
9:03 of 1st period - Stopped by Igor Shesterkin without a rebound.
9:04 of 1st period - Conor Sheary wins face-off versus Nathan MacKinnon in Kings zone.
9:16 of 1st period - Off-side.
9:17 of 1st period - Tomas Hertl wins face-off versus Jeff Carter in neutral zone.
9:23 of 1st period - Off-side.
9:24 of 1st period - Nathan MacKinnon wins face-off versus Jeff Carter in neutral zone.
9:24 of 1st period - Zach Werenski is hit by Kirill Marchenko and loses puck.
9:33 of 1st period - Shot by Mark Stone.
9:33 of 1st period - Shot Blocked by Rasmus Ristolainen.
9:44 of 1st period - Zach Werenski is hit by Rasmus Ristolainen and loses puck.
9:48 of 1st period - Icing by Timothy Liljegren.
9:49 of 1st period - Tomas Hertl wins face-off versus Jeff Carter in Kings zone.
10:33 of 1st period - Off-side.
10:34 of 1st period - Cole Sillinger wins face-off versus Nathan MacKinnon in neutral zone.
10:39 of 1st period - Shot by Vladimir Tarasenko.
10:39 of 1st period - Shot Misses the Net.
10:41 of 1st period - Shot by Jonas Brodin.
10:41 of 1st period - Stopped by Ilya Samsonov without a rebound.
10:42 of 1st period - Nathan MacKinnon wins face-off versus Cole Sillinger in Golden Knights zone.
10:47 of 1st period - Jonas Brodin is hit by Nathan MacKinnon and loses puck.
10:58 of 1st period - Shot by Vladimir Tarasenko.
10:58 of 1st period - Shot Blocked by Zach Werenski.
11:00 of 1st period - Shot by Cole Sillinger.
11:00 of 1st period - Shot Misses the Net.
11:02 of 1st period - Shot by Jonas Brodin.
11:02 of 1st period - Stopped by Ilya Samsonov without a rebound.
11:03 of 1st period - Derek Ryan wins face-off versus Nathan MacKinnon in Golden Knights zone.
11:07 of 1st period - Icing by Travis Hamonic.
11:08 of 1st period - Cole Sillinger wins face-off versus Nathan MacKinnon in Golden Knights zone.
11:09 of 1st period - Shot by Vladimir Tarasenko.
11:09 of 1st period - Shot Misses the Net.
11:12 of 1st period - Icing by Jake Evans.
11:13 of 1st period - Cole Sillinger wins face-off versus Nathan MacKinnon in Golden Knights zone.
11:21 of 1st period - Icing by Travis Hamonic.
11:22 of 1st period - Nathan MacKinnon wins face-off versus Jeff Carter in Golden Knights zone.
12:00 of 1st period - Jeff Carter is hit by Derek Grant and loses puck.
12:06 of 1st period - Icing by Mattias Ekholm.
12:07 of 1st period - Jeff Carter wins face-off versus Kirby Dach in Kings zone.
12:07 of 1st period - Mattias Ekholm is hit by Rafael Harvey-Pinard and loses puck.
12:17 of 1st period - Kirill Marchenko is hit by Zach Werenski and loses puck.
12:59 of 1st period - Icing by David Savard.
13:00 of 1st period - Cole Sillinger wins face-off versus Nathan MacKinnon in Kings zone.
13:00 of 1st period - David Savard is hit by Mark Stone and loses puck.
13:15 of 1st period - Shot by Artemi Panarin.
13:15 of 1st period - Shot Misses the Net.
13:17 of 1st period - Shot by Nathan MacKinnon.
13:17 of 1st period - Stopped by Igor Shesterkin without a rebound.
13:18 of 1st period - Tomas Hertl wins face-off versus Derek Ryan in Kings zone.
13:21 of 1st period - Shot by Tomas Hertl.
13:21 of 1st period - Stopped by Igor Shesterkin without a rebound.
13:22 of 1st period - Jeff Carter wins face-off versus Nathan MacKinnon in Kings zone.
13:52 of 1st period - Shot by Nathan MacKinnon.
13:52 of 1st period - Stopped by Igor Shesterkin without a rebound.
13:53 of 1st period - Tomas Hertl wins face-off versus Cole Sillinger in Kings zone.
13:56 of 1st period - Shot by Zach Werenski.
13:56 of 1st period - Stopped by Igor Shesterkin without a rebound.
13:57 of 1st period - Cole Sillinger wins face-off versus Tomas Hertl in Kings zone.
14:28 of 1st period - Shot by T.J. Oshie.
14:28 of 1st period - Shot Blocked by Ilya Mikheyev.
14:30 of 1st period - Shot by Jack Roslovic.
14:30 of 1st period - Stopped by Igor Shesterkin without a rebound.
14:31 of 1st period - Mark Stone wins face-off versus Evander Kane in Kings zone.
15:06 of 1st period - Shot by Mark Stone.
15:06 of 1st period - Shot Misses the Net.
15:08 of 1st period - Shot by Mark Stone.
15:08 of 1st period - Shot Misses the Net.
15:31 of 1st period - Icing by Miro Heiskanen.
15:32 of 1st period - Kirby Dach wins face-off versus Cole Sillinger in Golden Knights zone.
15:43 of 1st period - David Savard is hit by Kirby Dach and loses puck.
16:00 of 1st period - Shot by Vladimir Tarasenko.
16:00 of 1st period - Shot Misses the Net.
16:41 of 1st period - Matt Grzelcyk is hit by Travis Hamonic and loses puck.
17:36 of 1st period - Icing by Adam Boqvist.
17:37 of 1st period - Jeff Carter wins face-off versus Artemi Panarin in Golden Knights zone.
17:50 of 1st period - Mattias Ekholm is hit by Mark Stone and loses puck.
18:54 of 1st period - Icing by David Savard.
18:55 of 1st period - Cole Sillinger wins face-off versus Tomas Hertl in Kings zone.
19:00 of 1st period - Icing by David Savard.
19:01 of 1st period - Tomas Hertl wins face-off versus Cole Sillinger in Kings zone.
19:18 of 1st period - Shot by Vladimir Tarasenko.
19:18 of 1st period - Stopped by Ilya Samsonov without a rebound.
19:19 of 1st period - Nic Dowd wins face-off versus Nathan MacKinnon in Golden Knights zone.
19:28 of 1st period - Minor Penalty to Nathan MacKinnon for Roughing.
19:29 of 1st period - Tomas Hertl wins face-off versus Jeff Carter in Golden Knights zone.
19:54 of 1st period - Shot by Marcus Foligno.
19:54 of 1st period - Stopped by Igor Shesterkin without a rebound.
19:55 of 1st period - Vladimir Tarasenko wins face-off versus Tomas Hertl in Kings zone.
Goals for this period are 0 for Golden Knights vs 0 for Kings.
Shots for this period are 15 for Golden Knights vs 6 for Kings.

2nd period


0:01 of 2nd period - Tomas Hertl wins face-off versus Cole Sillinger in neutral zone.
0:12 of 2nd period - Shot by Jonas Brodin.
0:12 of 2nd period - Stopped by Ilya Samsonov without a rebound.
0:13 of 2nd period - Tomas Hertl wins face-off versus Jeff Carter in Golden Knights zone.
0:42 of 2nd period - Shot by Mattias Ekholm.
0:42 of 2nd period - Stopped by Ilya Samsonov without a rebound.
0:43 of 2nd period - Tomas Hertl wins face-off versus Cole Sillinger in Golden Knights zone.
1:26 of 2nd period - Shot by David Savard.
1:26 of 2nd period - Goal by David Savard - Golden Knights : 0 - Kings : 1.
1:27 of 2nd period - Jeff Carter wins face-off versus Mark Stone in neutral zone.
1:30 of 2nd period - Shot by Evander Kane.
1:30 of 2nd period - Shot Misses the Net.
1:33 of 2nd period - Icing by Miro Heiskanen.
1:34 of 2nd period - Nathan MacKinnon wins face-off versus Jeff Carter in Golden Knights zone.
1:42 of 2nd period - Minor Penalty to Mattias Ekholm for Hooking.
1:43 of 2nd period - Nathan MacKinnon wins face-off versus Nic Dowd in Kings zone.
1:43 of 2nd period - Nathan MacKinnon is hit by Jonas Brodin.
2:17 of 2nd period - Shot by Zach Werenski.
2:17 of 2nd period - Goal by Zach Werenski - Golden Knights : 1 - Kings : 1.
2:18 of 2nd period - Jack Roslovic wins face-off versus Jeff Carter in neutral zone.
2:28 of 2nd period - Icing by Jeff Carter.
2:29 of 2nd period - Jeff Carter wins face-off versus Rafael Harvey-Pinard in Kings zone.
2:31 of 2nd period - Icing by Evander Kane.
2:32 of 2nd period - Jeff Carter wins face-off versus Nathan MacKinnon in Kings zone.
2:53 of 2nd period - Kirill Marchenko is hit by Nathan MacKinnon and loses puck.
3:00 of 2nd period - Shot by Jeff Carter.
3:00 of 2nd period - Stopped by Ilya Samsonov without a rebound.
3:01 of 2nd period - Tomas Hertl wins face-off versus Cole Sillinger in Golden Knights zone.
3:16 of 2nd period - Shot by Tomas Hertl.
3:16 of 2nd period - Stopped by Igor Shesterkin without a rebound.
3:17 of 2nd period - Brandon Saad wins face-off versus Kirby Dach in Kings zone.
3:26 of 2nd period - Shot by Brandon Saad.
3:26 of 2nd period - Shot Misses the Net.
3:35 of 2nd period - Minor Penalty to Joel Edmundson for High sticking.
3:36 of 2nd period - Nathan MacKinnon wins face-off versus Nic Dowd in Kings zone.
3:45 of 2nd period - Shot by Adam Boqvist.
3:45 of 2nd period - Shot Hit the Post.
4:42 of 2nd period - Shot by Jack Roslovic.
4:42 of 2nd period - Stopped by Igor Shesterkin without a rebound.
4:43 of 2nd period - Tomas Hertl wins face-off versus Derek Ryan in Kings zone.
5:43 of 2nd period - Jake Evans is hit by Vladimir Tarasenko and loses puck.
5:47 of 2nd period - Travis Hamonic is hit by Vladimir Tarasenko and loses puck.
7:16 of 2nd period - Shot by Kirill Marchenko.
7:16 of 2nd period - Shot Misses the Net.
8:34 of 2nd period - Icing by David Savard.
8:35 of 2nd period - Jake Evans wins face-off versus Nic Dowd in Kings zone.
8:35 of 2nd period - Zach Werenski is hit by David Savard and loses puck.
8:52 of 2nd period - Shot by Matt Grzelcyk.
8:52 of 2nd period - Shot Misses the Net.
9:03 of 2nd period - Minor Penalty to Zach Werenski for Hooking.
9:04 of 2nd period - Cole Sillinger wins face-off versus Tomas Hertl in Golden Knights zone.
9:21 of 2nd period - Shot by Vladimir Tarasenko.
9:21 of 2nd period - Shot Misses the Net.
9:23 of 2nd period - Shot by Mattias Ekholm.
9:23 of 2nd period - Shot Misses the Net.
9:25 of 2nd period - Shot by Ilya Mikheyev.
9:25 of 2nd period - Shot Misses the Net.
9:27 of 2nd period - Shot by Ilya Mikheyev.
9:27 of 2nd period - Shot Misses the Net.
9:56 of 2nd period - Icing by David Savard.
9:57 of 2nd period - Jeff Carter wins face-off versus Derek Grant in Kings zone.
10:49 of 2nd period - Shot by Ilya Mikheyev.
10:49 of 2nd period - Stopped by Ilya Samsonov without a rebound.
10:50 of 2nd period - Tomas Hertl wins face-off versus Ilya Mikheyev in Golden Knights zone.
10:50 of 2nd period - Tomas Hertl is hit by Cole Sillinger.
11:25 of 2nd period - Shot by Nathan MacKinnon.
11:25 of 2nd period - Deflect By Mark Stone.
11:25 of 2nd period - Shot Misses the Net.
11:37 of 2nd period - Travis Hamonic is hit by Conor Sheary and loses puck.
12:01 of 2nd period - Icing by Jakob Chychrun.
12:02 of 2nd period - Jeff Carter wins face-off versus Jake Evans in Golden Knights zone.
12:05 of 2nd period - Shot by Evander Kane.
12:05 of 2nd period - Stopped by Ilya Samsonov without a rebound.
12:06 of 2nd period - Tomas Hertl wins face-off versus Jeff Carter in Golden Knights zone.
12:25 of 2nd period - Shot by Tomas Hertl.
12:25 of 2nd period - Stopped by Igor Shesterkin without a rebound.
12:26 of 2nd period - Kirby Dach wins face-off versus Cole Sillinger in Kings zone.
12:30 of 2nd period - Icing by Jonas Brodin.
12:31 of 2nd period - Tomas Hertl wins face-off versus Cole Sillinger in Kings zone.
12:38 of 2nd period - Shot by Jack Roslovic.
12:38 of 2nd period - Deflect By Tomas Hertl.
12:38 of 2nd period - Shot Misses the Net.
13:35 of 2nd period - Icing by Zach Werenski.
13:36 of 2nd period - Jeff Carter wins face-off versus Nathan MacKinnon in Golden Knights zone.
13:36 of 2nd period - David Savard is hit by Miro Heiskanen and loses puck.
13:45 of 2nd period - Shot by Mark Stone.
13:45 of 2nd period - Stopped by Igor Shesterkin without a rebound.
13:46 of 2nd period - Kirby Dach wins face-off versus Jeff Carter in Kings zone.
13:59 of 2nd period - Shot by Kirby Dach.
13:59 of 2nd period - Deflect By Marcus Foligno.
13:59 of 2nd period - Shot Hit the Post.
14:14 of 2nd period - Kirby Dach is hit by Joel Edmundson and loses puck.
14:38 of 2nd period - Icing by Jake Evans.
14:39 of 2nd period - Kirby Dach wins face-off versus Nic Dowd in Golden Knights zone.
15:22 of 2nd period - Mattias Ekholm is hit by T.J. Oshie and loses puck.
15:56 of 2nd period - Off-side.
15:57 of 2nd period - Jeff Carter wins face-off versus Nathan MacKinnon in neutral zone.
16:06 of 2nd period - Shot by Jeff Carter.
16:06 of 2nd period - Shot Misses the Net.
16:24 of 2nd period - Shot by Mark Stone.
16:24 of 2nd period - Shot Misses the Net.
19:30 of 2nd period - Icing by Mark Stone.
19:31 of 2nd period - Nathan MacKinnon wins face-off versus Nic Dowd in Golden Knights zone.
19:42 of 2nd period - Shot by Nathan MacKinnon.
19:42 of 2nd period - Shot Misses the Net.
19:53 of 2nd period - Minor Penalty to Jakob Chychrun for Checking from behind.
19:54 of 2nd period - Cole Sillinger wins face-off versus Tomas Hertl in Golden Knights zone.
Goals for this period are 1 for Golden Knights vs 1 for Kings.
Shots for this period are 5 for Golden Knights vs 6 for Kings.

3rd period


0:01 of 3rd period - Tomas Hertl wins face-off versus Cole Sillinger in neutral zone.
0:43 of 3rd period - Jake Evans is hit by Cole Sillinger.
1:31 of 3rd period - Shot by Evander Kane.
1:31 of 3rd period - Shot Misses the Net.
1:33 of 3rd period - Shot by David Savard.
1:33 of 3rd period - Stopped by Ilya Samsonov without a rebound.
1:34 of 3rd period - Evander Kane wins face-off versus Derek Grant in Golden Knights zone.
2:29 of 3rd period - Shot by Conor Sheary.
2:29 of 3rd period - Deflect By Brandon Saad.
2:29 of 3rd period - Stopped by Ilya Samsonov without a rebound.
2:30 of 3rd period - Jake Evans wins face-off versus Cole Sillinger in Golden Knights zone.
4:05 of 3rd period - Minor Penalty to Joel Edmundson for Holding.
4:06 of 3rd period - Nathan MacKinnon wins face-off versus Nic Dowd in Kings zone.
4:07 of 3rd period - Shot by Miro Heiskanen.
4:07 of 3rd period - Deflect By Nathan MacKinnon.
4:07 of 3rd period - Shot Misses the Net.
4:09 of 3rd period - Shot by Mark Stone.
4:09 of 3rd period - Shot Blocked by Nic Dowd.
4:11 of 3rd period - Shot by Zach Werenski.
4:11 of 3rd period - Stopped by Igor Shesterkin without a rebound.
4:12 of 3rd period - Nathan MacKinnon wins face-off versus Nic Dowd in Kings zone.
4:15 of 3rd period - Shot by Artemi Panarin.
4:15 of 3rd period - Stopped by Igor Shesterkin without a rebound.
4:16 of 3rd period - Nic Dowd wins face-off versus Nathan MacKinnon in Kings zone.
4:24 of 3rd period - Icing by Zach Werenski.
4:25 of 3rd period - Nic Dowd wins face-off versus Nathan MacKinnon in Golden Knights zone.
4:38 of 3rd period - Shot by Mark Stone.
4:38 of 3rd period - Shot Misses the Net.
4:40 of 3rd period - Shot by Nathan MacKinnon.
4:40 of 3rd period - Goal by Nathan MacKinnon - Golden Knights : 2 - Kings : 1.
4:41 of 3rd period - Tomas Hertl wins face-off versus Jeff Carter in neutral zone.
6:27 of 3rd period - Shot by Nathan MacKinnon.
6:27 of 3rd period - Deflect By Mark Stone.
6:27 of 3rd period - Stopped by Igor Shesterkin without a rebound.
6:28 of 3rd period - Kirby Dach wins face-off versus Nic Dowd in Kings zone.
7:53 of 3rd period - Shot by Kirill Marchenko.
7:53 of 3rd period - Stopped by Ilya Samsonov without a rebound.
7:54 of 3rd period - Tomas Hertl wins face-off versus Cole Sillinger in Golden Knights zone.
7:54 of 3rd period - Tomas Hertl is hit by Cole Sillinger.
8:33 of 3rd period - Shot by David Savard.
8:33 of 3rd period - Shot Misses the Net.
8:35 of 3rd period - Shot by Ilya Mikheyev.
8:35 of 3rd period - Stopped by Ilya Samsonov with a rebound.
8:55 of 3rd period - Shot by Jeff Carter.
8:55 of 3rd period - Stopped by Ilya Samsonov without a rebound.
8:56 of 3rd period - Derek Ryan wins face-off versus Nathan MacKinnon in Golden Knights zone.
9:03 of 3rd period - Shot by Matt Grzelcyk.
9:03 of 3rd period - Deflect By Tyler Motte.
9:03 of 3rd period - Stopped by Ilya Samsonov without a rebound.
9:04 of 3rd period - Nathan MacKinnon wins face-off versus Jeff Carter in Golden Knights zone.
9:09 of 3rd period - Jonas Brodin is hit by Artemi Panarin and loses puck.
10:47 of 3rd period - Shot by Kirby Dach.
10:47 of 3rd period - Shot Blocked by Vladimir Tarasenko.
10:49 of 3rd period - Shot by Marcus Foligno.
10:49 of 3rd period - Stopped by Igor Shesterkin with a rebound.
11:27 of 3rd period - Shot by Jack Roslovic.
11:27 of 3rd period - Stopped by Igor Shesterkin without a rebound.
11:28 of 3rd period - Nic Dowd wins face-off versus Kirby Dach in Kings zone.
11:44 of 3rd period - Icing by Brandon Saad.
11:45 of 3rd period - Tomas Hertl wins face-off versus Nic Dowd in Kings zone.
12:02 of 3rd period - Shot by Nic Dowd.
12:02 of 3rd period - Shot Misses the Net.
12:29 of 3rd period - Icing by Travis Hamonic.
12:30 of 3rd period - Jeff Carter wins face-off versus Tomas Hertl in Golden Knights zone.
13:07 of 3rd period - Shot by Evander Kane.
13:07 of 3rd period - Shot Blocked by Jake Evans.
13:09 of 3rd period - Shot by Joel Edmundson.
13:09 of 3rd period - Stopped by Ilya Samsonov without a rebound.
13:10 of 3rd period - Nathan MacKinnon wins face-off versus Cole Sillinger in Golden Knights zone.
13:10 of 3rd period - Miro Heiskanen is hit by Ilya Mikheyev and loses puck.
13:31 of 3rd period - Shot by Mark Stone.
13:31 of 3rd period - Stopped by Igor Shesterkin without a rebound.
13:32 of 3rd period - Marcus Foligno wins face-off versus Derek Ryan in Kings zone.
13:43 of 3rd period - Jakob Chychrun is hit by Tyler Motte and loses puck.
13:52 of 3rd period - Shot by Mattias Ekholm.
13:52 of 3rd period - Stopped by Ilya Samsonov with a rebound.
13:54 of 3rd period - Shot by Tyler Motte.
13:54 of 3rd period - Shot Misses the Net.
13:56 of 3rd period - Shot by Mattias Ekholm.
13:56 of 3rd period - Stopped by Ilya Samsonov without a rebound.
13:57 of 3rd period - Jeff Carter wins face-off versus Nathan MacKinnon in Golden Knights zone.
13:57 of 3rd period - Minor Penalty to Zach Werenski for Holding.
13:58 of 3rd period - Tomas Hertl wins face-off versus Cole Sillinger in Golden Knights zone.
14:09 of 3rd period - Shot by Ilya Mikheyev.
14:09 of 3rd period - Stopped by Ilya Samsonov without a rebound.
14:10 of 3rd period - Jeff Carter wins face-off versus Tomas Hertl in Golden Knights zone.
14:11 of 3rd period - Shot by Evander Kane.
14:11 of 3rd period - Shot Blocked by Adam Boqvist.
14:13 of 3rd period - Shot by Joel Edmundson.
14:13 of 3rd period - Stopped by Ilya Samsonov without a rebound.
14:14 of 3rd period - Tomas Hertl wins face-off versus Cole Sillinger in Golden Knights zone.
14:20 of 3rd period - Icing by Mattias Ekholm.
14:21 of 3rd period - Tomas Hertl wins face-off versus Cole Sillinger in Kings zone.
14:34 of 3rd period - Shot by Jonas Brodin.
14:34 of 3rd period - Shot Misses the Net.
14:38 of 3rd period - Shot by Jonas Brodin.
14:38 of 3rd period - Stopped by Ilya Samsonov without a rebound.
14:39 of 3rd period - Tomas Hertl wins face-off versus Kirill Marchenko in Golden Knights zone.
14:39 of 3rd period - Tomas Hertl is hit by Evander Kane.
16:07 of 3rd period - Shot by Conor Sheary.
16:07 of 3rd period - Stopped by Ilya Samsonov with a rebound.
16:09 of 3rd period - Shot by Nic Dowd.
16:09 of 3rd period - Deflect By Conor Sheary.
16:09 of 3rd period - Goal by Conor Sheary - Golden Knights : 2 - Kings : 2.
16:10 of 3rd period - Nathan MacKinnon wins face-off versus Derek Ryan in neutral zone.
16:13 of 3rd period - Tyler Motte is hit by Derek Grant and loses puck.
16:32 of 3rd period - Shot by Jonas Brodin.
16:32 of 3rd period - Stopped by Ilya Samsonov without a rebound.
16:33 of 3rd period - Nathan MacKinnon wins face-off versus Ilya Mikheyev in Golden Knights zone.
16:44 of 3rd period - Icing by Rasmus Ristolainen.
16:45 of 3rd period - Tomas Hertl wins face-off versus Cole Sillinger in Kings zone.
17:24 of 3rd period - Shot by Vladimir Tarasenko.
17:24 of 3rd period - Stopped by Ilya Samsonov without a rebound.
17:25 of 3rd period - Mark Stone wins face-off versus Jeff Carter in Golden Knights zone.
17:25 of 3rd period - Mark Stone is hit by Evander Kane.
17:48 of 3rd period - Shot by Nathan MacKinnon.
17:48 of 3rd period - Stopped by Igor Shesterkin with a rebound.
17:50 of 3rd period - Shot by Mark Stone.
17:50 of 3rd period - Stopped by Igor Shesterkin without a rebound.
17:51 of 3rd period - Nic Dowd wins face-off versus Kirby Dach in Kings zone.
17:53 of 3rd period - Icing by Conor Sheary.
17:54 of 3rd period - Nic Dowd wins face-off versus Tomas Hertl in Kings zone.
17:54 of 3rd period - Nic Dowd is hit by T.J. Oshie.
18:11 of 3rd period - Shot by Brandon Saad.
18:11 of 3rd period - Shot Misses the Net.
18:35 of 3rd period - Shot by Jack Roslovic.
18:35 of 3rd period - Shot Misses the Net.
19:22 of 3rd period - Icing by Adam Boqvist.
19:23 of 3rd period - Cole Sillinger wins face-off versus Nathan MacKinnon in Golden Knights zone.
19:37 of 3rd period - Mark Stone is hit by Rasmus Ristolainen and loses puck.
19:51 of 3rd period - Minor Penalty to Nathan MacKinnon for Hooking.
19:52 of 3rd period - Jeff Carter wins face-off versus Tomas Hertl in Golden Knights zone.
Goals for this period are 1 for Golden Knights vs 1 for Kings.
Shots for this period are 9 for Golden Knights vs 16 for Kings.

Overtime #1


0:01 of 1st overtime period - Kirill Marchenko wins face-off versus Derek Grant in neutral zone.
1:46 of 1st overtime period - Icing by Evander Kane.
1:47 of 1st overtime period - Mark Stone wins face-off versus Kirill Marchenko in Kings zone.
2:02 of 1st overtime period - Shot by Nathan MacKinnon.
2:02 of 1st overtime period - Shot Blocked by Timothy Liljegren.
2:04 of 1st overtime period - Shot by Nathan MacKinnon.
2:04 of 1st overtime period - Shot Misses the Net.
2:14 of 1st overtime period - Shot by Nathan MacKinnon.
2:14 of 1st overtime period - Shot Blocked by Timothy Liljegren.
2:18 of 1st overtime period - Shot by Nathan MacKinnon.
2:18 of 1st overtime period - Goal by Nathan MacKinnon - Golden Knights : 3 - Kings : 2.
Goals for this period are 1 for Golden Knights vs 0 for Kings.
Shots for this period are 1 for Golden Knights vs 0 for Kings.